 Dungeon Crawl Stone Soup version 0.24-a0-170-gd8427f5 (webtiles) character file.

Game seed: 2079777787837705314

499 Dfrag the Grave Robber (level 6, 0/49 HPs)
             Began as a Deep Dwarf Necromancer on Mar 9, 2019.
             Slain by a shadow imp (1 damage)
             ... summoned by Eustachio
             ... on level 4 of the Dungeon.
             The game lasted 00:05:18 (2869 turns).

Dfrag the Grave Robber (Deep Dwarf Necromancer)     Turns: 2869, Time: 00:05:19

Health: 0/49       AC:  2    Str: 12      XL:     6   Next: 94%
Magic:  0/12       EV: 12    Int: 17      God:
Gold:   162        SH:  0    Dex:  9 (13) Spells: 11/15 levels left

rFire    . . .     SeeInvis .   r - +0 flail
rCold    . . .     Gourm    .   (no shield)
rNeg     . . .     Faith    .   a - +0 robe
rPois    .         Spirit   .   (no helmet)
rElec    .         Reflect  .   (no cloak)
rCorr    .         Harm     .   (no gloves)
MR       .....                  (no boots)
Stlth    ++........             (no amulet)
HPRegen  0.00/turn              (no ring)
MPRegen  0.13/turn              (no ring)

@: very slightly contaminated, non-regenerating
A: damage resistance, heal wounds, sense surroundings 1, no regeneration
a: Heal Wounds


You were on level 4 of the Dungeon.
You were very hungry.

You visited 1 branch of the dungeon, and saw 4 of its levels.

You collected 162 gold pieces.

Inventory:

Hand Weapons
 r - a +0 flail (weapon)
Armour
 a - a +0 robe (worn)
Wands
 d - a wand of flame (15)
 e - a wand of digging (5)
 p - a wand of paralysis (2)
Scrolls
 f - 2 scrolls of remove curse
 j - a scroll of fear {unknown}
 m - a scroll of noise {unknown}
 o - 3 scrolls of fog
 q - a scroll of amnesia {unknown}
Potions
 b - a potion of invisibility {unknown}
 g - 3 potions of might
 h - a potion of flight {unknown}
 i - 2 potions of agility {unknown}
 k - a potion of haste {unknown}
 l - a potion of curing {unknown}
 n - a potion of heal wounds {unknown}
 s - a potion of brilliance {unknown}
Comestibles
 c - 6 rations


   Skills:
 + Level 0.0 Fighting
 - Level 2.1 Dodging
 - Level 2.4 Stealth
 - Level 5.3 Spellcasting
 - Level 6.3 Necromancy


You had 11 spell levels left.
You knew the following spells:

 Your Spells              Type           Power        Failure   Level  Hunger
a - Pain                  Necr           ####         1%          1    None
b - Vampiric Draining     Necr           ####......   3%          3    ##.....

Your spell library contained the following spells:

 Spells                   Type           Power        Failure   Level  Hunger
 Animate Skeleton         Necr           N/A          1%          1    None
 Animate Dead             Necr           N/A          10%         4    ####...
 Regeneration             Chrm/Necr      Unusable     N/A         3    N/A

Dungeon Overview and Level Annotations

Branches:
Dungeon (4/15)
 Temple: D:4-7

Altars:

Annotations:
D:4 Eustachio


Innate Abilities, Weirdness & Mutations

You are resistant to damage.
You can heal yourself by infusing magical energy.
You passively map a small area around you.
You do not regenerate.


Message History

The bat hits you but does no damage.
Unknown command.
Casting: Pain (safe; 1% risk of failure)
Confirm with . or Enter, or press ? or * to list all spells.
Aiming: Pain (safe; 1% risk of failure)
Press: ? - help, Shift-Dir - straight line, f/p - Eustachio
Aim: Eustachio, wielding a +0 rapier and wearing a +0 leather armour (severely wounded, unusually strong, paralysed, chance to defeat MR: 84%) Eustachio writhes in agony!
The bat hits you but does no damage. The quasit completely misses you.
The quasit claws you. x2
The river rat misses you. The shadow imp misses you. The quasit misses you.
The quasit closely misses you. The quasit barely misses you.
Unknown command.
The helpless Eustachio fails to defend himself.
You hit Eustachio but do no damage.
Eustachio is almost dead.
The bat hits you but does no damage. The river rat closely misses you.
The quasit closely misses you.
The quasit claws you but does no damage.
The quasit closely misses you. The shadow imp hits you.
You die...

+ #(...............##*
...#................# ..
*
....#####...........#[..,
....................#...,
,
,.#.......#####.........
#..........# #......!..
...#.......####.........
,
.......@5.....#.........,
,....##.#@b....#.........
, ,
....#..5#r........?.....
,
......................##
,
...#....#.##..........###
* #....#%...............
,##...#..........##.... +
#...#...........#.... ,
..[.................
..(.. , ...
.................


You could see Eustachio (paralysed), a quasit, a river rat, a shadow imp and a
bat.

Vanquished Creatures
  Grinder (D:4)
  An ogre (D:4)
  A hound (D:4)
  A worker ant (D:4)
  3 gnolls (D:4)
  8 adders
  A worm (D:2)
  2 dart slugs
  3 leopard geckos
  2 orcs (D:4)
  8 bats
  6 giant cockroaches
  2 hobgoblins
  10 jackals
  A quokka (D:4)
  A ball python (D:2)
  4 frilled lizards
  6 goblins
  2 kobolds (D:1)
  4 rats
67 creatures vanquished.

Notes
Turn   | Place    | Note
-------+----------+-------------------------------------------
     0 | D:1      | Dfrag the Deep Dwarf Necromancer began the quest for the
                  | Orb.
     0 | D:1      | Reached XP level 1. HP: 15/15 MP: 3/3
   134 | D:1      | Reached XP level 2. HP: 19/22 MP: 1/5
   405 | D:1      | Reached XP level 3. HP: 24/28 MP: 0/7
   410 | D:1      | Learned a level 3 spell: Vampiric Draining
  1003 | D:2      | Reached skill level 5 in Necromancy
  1040 | D:2      | Reached XP level 4. HP: 26/36 MP: 0/8
  2148 | D:4      | Noticed an ogre
  2155 | D:4      | Killed an ogre
  2155 | D:4      | Reached XP level 5. HP: 37/42 MP: 0/11
  2405 | D:4      | Noticed Eustachio
  2494 | D:4      | Reached XP level 6. HP: 28/49 MP: 9/12
  2747 | D:4      | Noticed Grinder
  2782 | D:4      | Killed Grinder
  2782 | D:4      | Reached skill level 5 in Spellcasting
  2782 | D:4      | Reached skill level 6 in Necromancy
  2855 | D:4      | HP: 1/49 [Eustachio/+0 rapier (7)]
  2867 | D:4      | HP: 1/49 [shadow imp/nerve-wracking pain[Eustachio] (9)]
  2869 | D:4      | Slain by a shadow imp

Levels and vault maps discovered:
D:1:      matt_arrival_grand_opening, layout_basic
D:2:      layout_basic
D:3:      layout_loops_ring
D:4:      layout_basic, uniq_grinder, uniq_eustachio

Skill      XL: |  1  2  3  4  5  6 |
---------------+-------------------+-----
Spellcasting   | 2 3 4 5 |  5.3
Necromancy     | 5 6 |  6.3
Dodging        | |  2.1
Stealth        | |  2.4

Action                   |  1- 3 |  4- 6 || total
-------------------------+-------+-------++-------
Melee: Unarmed           |    43 |    10 ||    53
       Flail             |       |    47 ||    47
 Cast: Pain              |    67 |    60 ||   127
       Vampiric Draining |     2 |    17 ||    19
 Abil: Heal Wounds       |       |     4 ||     4
Evoke: Wand              |       |     6 ||     6
  Use: Scroll            |       |     4 ||     4
 Stab: Paralysed         |       |    18 ||    18
  Eat: Chunk             |     1 |     6 ||     7
Armor: Robe              |    16 |    34 ||    50
Dodge: Dodged            |    65 |   113 ||   178

Table legend:
 A = Non-vault XP
 B = Vault XP
 C = Vault XP percentage of total XP
 D = Non-vault monster count
 E = Vault monster count
 F = Vault count percentage of total count
                 A         B        C        D         E       F
            +---------+---------+-------+---------+---------+-------
      Total |     442 |     272 |  38.1 |      66 |       1 |   1.5
            +---------+---------+-------+---------+---------+-------
        D:1 |      48 |       0 |   0.0 |      26 |       0 |   0.0
        D:2 |      89 |       0 |   0.0 |      24 |       0 |   0.0
        D:3 |      29 |       0 |   0.0 |       4 |       0 |   0.0
        D:4 |     276 |     272 |  49.6 |      12 |       1 |   7.7
            +---------+---------+-------+---------+---------+-------
